 Dungeon Crawl Stone Soup version 0.30-a0-187-gd9c2deaf24 (webtiles) character file.

Game seed: 5622624007061591922

4935 sleeves the Trooper (level 10, -4/88 HPs)
             Began as a Minotaur Hexslinger on Oct 3, 2022.
             Was a Follower of Qazlal.
             Slain by Harold
             ... wielding a +0 short sword
              (21 damage)
             ... on level 9 of the Dungeon.
             The game lasted 00:11:38 (8156 turns).

sleeves the Trooper (Minotaur Hexslinger)           Turns: 8156, Time: 00:11:39

Health: -4/88      AC: 13    Str: 20    XL:     10   Next: 27%
Magic:  0/12       EV: 16    Int: 10    God:    Qazlal [*.....]
Gold:   316        SH:  2    Dex: 10    Spells: 10/11 levels left

rFire   . . .      SeeInvis .    H - +0 broad axe (flame)
rCold   . . .      Faith    .    (no shield)
rNeg    . . .      Spirit   +    l - +0 plate armour
rPois   .          Reflect  .    (helmet restricted)
rElec   .          Harm     .    (no cloak)
rCorr   .          Rampage  .    (no gloves)
Will    .....                    (no boots)
Stlth   ..........               d - amulet of guardian spirit
HPRegen 0.34/turn                v - +4 ring of evasion
MPRegen 0.13/turn                x - +4 ring of evasion

@: mighty, marked
A: horns 2, retaliatory headbutt
a: Renounce Religion


You were on level 9 of the Dungeon.
You worshipped Qazlal.
Qazlal was aware of your devotion.
You visited 2 branches of the dungeon, and saw 10 of its levels.
You also visited: Sewer and Ossuary.

You collected 316 gold pieces.

Inventory:

Hand Weapons
 H - a +0 broad axe of flaming (weapon)
   (You took it off Maggie on level 6 of the Dungeon)
Missiles
 q - a throwing net
 A - 2 boomerangs
 F - 28 poisoned darts (quivered)
Armour
 l - a +0 plate armour (worn)
   (You found it on level 2 of the Dungeon)
 I - +0 acid dragon scales
   (You took it off Maggie on level 6 of the Dungeon)
Jewellery
 c - a ring of flight
   (You found it on level 5 of the Dungeon)
 d - an amulet of guardian spirit (around neck)
   (You found it on level 7 of the Dungeon)
 u - an amulet of faith
   (You found it in a sewer)
 v - a +4 ring of evasion (left hand)
   (You found it on level 3 of the Dungeon)
 x - a +4 ring of evasion (right hand)
   (You found it on level 4 of the Dungeon)
Wands
 G - a wand of acid (4)
   (You took it off Maggie on level 6 of the Dungeon)
 J - a wand of roots (11)
   (You found it on level 8 of the Dungeon)
Scrolls
 a - a scroll of magic mapping {unknown}
 b - 3 scrolls of poison
 g - a scroll of butterflies {unknown}
 h - 2 scrolls of torment {unknown}
 i - 4 scrolls of blinking
 s - 2 scrolls of enchant weapon {unknown}
 y - 7 scrolls of teleportation
 C - 2 scrolls of immolation {unknown}
 D - a scroll of noise {unknown}
 E - a scroll of vulnerability {unknown}
Potions
 e - 4 potions of lignification
 f - 3 potions of haste {unknown}
 j - 2 potions of degeneration {unknown}
 k - a potion of attraction {unknown}
 m - 2 potions of brilliance {unknown}
 n - 4 potions of heal wounds {unknown}
 o - 2 potions of mutation {unknown}
 p - 10 potions of curing
 r - a potion of cancellation {unknown}
 t - a potion of ambrosia {unknown}
 w - a potion of might
 z - 4 potions of resistance
 B - a potion of flight {unknown}
 K - a potion of berserk rage {unknown}


   Skills:
 + Level 7.9 Fighting
 + Level 7.6 Axes
 - Level 2.1 Ranged Weapons
 + Level 5.2 Throwing
 + Level 7.7 Armour
 + Level 7.6 Dodging
 - Level 1.0 Spellcasting
 - Level 2.0 Hexes
 + Level 5.2 Invocations


You had 10 spell levels left.
You knew the following spells:

 Your Spells              Type           Power      Damage    Failure   Level
a - Slow                  Hex            16%        N/A       97%         1

Your spell library contained the following spells:

 Spells                   Type           Power      Damage    Failure   Level
 Apportation              Tloc           0%         N/A       100%        1
 Foxfire                  Conj/Fire      0%         2x1d4     100%        1
 Shock                    Conj/Air       0%         1d3       100%        1
 Summon Small Mammal      Summ           0%         N/A       100%        1
 Call Canine Familiar     Summ           0%         N/A       100%        3
 Confusing Touch          Hex            4%         N/A       100%        3
 Inner Flame              Hex/Fire       2%         N/A       100%        3
 Portal Projectile        Hex/Tloc       4%         N/A       100%        3
 Summon Guardian Golem    Hex/Summ       2%         N/A       100%        3
 Swiftness                Air            0%         N/A       100%        3
 Vampiric Draining        Necr           0%         2d6       100%        3
 Airstrike                Air            0%         2d(0-16)  100%        4
 Anguish                  Hex/Necr       1%         N/A       100%        4
 Cause Fear               Hex            2%         N/A       100%        4
 Flame Wave               Conj/Fire      0%         2d4       100%        4
 Sticky Flame             Conj/Fire      0%         2d3       100%        4
 Alistair's Intoxication  Tmut/Pois      0%         N/A       100%        5
 Borgnjor's Vile Clutch   Necr/Erth      0%         N/A       100%        5
 Eringya's Noxious Bog    Tmut/Pois      0%         N/A       100%        6
 Enfeeble                 Hex            2%         N/A       100%        7


Dungeon Overview and Level Annotations

Branches:
Dungeon (9/15)             Temple (1/1) D:4           Sewer (visited)
Ossuary (visited)
   Lair: D:8-11         Orc: D:9-12

Altars:
Ashenzari
Cheibriados
Dithmenos
Elyvilon
Gozag
Hepliaklqana
Kikubaaqudgha
Makhleb
Nemelex Xobeh
Okawaru
Qazlal
Ru
Sif Muna
Trog
Uskayaw
Vehumet
Wu Jian
Xom
Yredelemnul
Zin
The Shining One

Shops:
D:3 =   D:4 [   D:7 !

Annotations:
D:9 Harold


Innate Abilities, Weirdness & Mutations

You have a pair of horns on your head.
You reflexively headbutt those who attack you in melee.


Message History

Qazlal accepts your kill.
You slash the necrophage! You burn the necrophage.
The necrophage hits you but does no damage.
The necrophage barely misses you.
You slash the necrophage! You burn the necrophage.
You destroy the necrophage!
Qazlal accepts your kill.
You see here a necrophage corpse.
There is a stone staircase leading up here.
You are too injured to fight recklessly!
HP restored.
Key pressed, stopping explore.
Found 3 stones.
Found Syacev's Distillery.
Found a stone staircase leading down.
You now have 256 gold pieces (gained 6).
There is an entrance to Syacev's Distillery here.
You can access your shopping list by pressing '$'.
As you read the scroll labelled XEISYU TYTTYIKHU, it crumbles to dust.
It is a scroll of identify.
y - 7 scrolls of teleportation
As you read the scroll of identify, it crumbles to dust.
p - 7 potions of curing
As you read the scroll of identify, it crumbles to dust.
z - 4 potions of resistance
As you read the scroll of identify, it crumbles to dust.
e - 4 potions of lignification
As you read the scroll of identify, it crumbles to dust.
i - 3 scrolls of blinking
Found 2 stones.
w - 2 emerald potions (gained 1)
a - a scroll labelled WAIXKE MISEAH You now have 266 gold pieces (gained 10).
Found a whip.
Found 6 stones.
d - an amulet of guardian spirit A black bear comes into view.
Found a stone staircase leading down.
A black bear is nearby!
The black bear bites you but does no damage.
The black bear claws you but does no damage. x2
You slash the black bear! You burn the black bear. You headbutt the black bear!
The black bear is almost dead.
The black bear goes berserk!
You barely miss the black bear. Your headbutt misses the black bear.
The black bear is almost dead.
The black bear bites you but does no damage.
The black bear misses you. The black bear claws you. The black bear bites you.
The black bear misses you. The black bear closely misses you.
You slash the black bear! You burn the black bear.
You kill the black bear!
Qazlal accepts your kill.
Your Armour skill increases to level 6!
Your Dodging skill increases to level 6!
No target in view!
No target in view!
No target in view!
No target in view!
No target in view!
You start putting on your amulet.
You continue putting on your amulet of guardian spirit. x5
You finish putting on your amulet of guardian spirit.
You feel your power drawn to a protective spirit.
d - an amulet of guardian spirit (around neck)
Okay, then.
You drop an amulet of magic regeneration.
There is a stone staircase leading down here.
Found a stone staircase leading up.
There is a stone staircase leading up here.
There is a stone staircase leading up here.
Found a stone staircase leading up.
You now have 271 gold pieces (gained 5).
You see here a staff of death.
g - a scroll labelled TOASE LUPOYBIL You drop a +0 chain mail.
p - 8 potions of curing (gained 1)
m - 2 glowing puce potions You open the gate.
There is an open gate here.
n - 3 inky potions (gained 1)
Found a sacrificial altar of Ru.
There is an open gate here.
Done exploring.
Done exploring.
Done exploring.
Done exploring.
(D) Dungeon (T) Temple
Where to? (Enter - D:7, ? - help)
There is a stone staircase leading down here.
You climb downwards.
Found 5 gold pieces and a hand axe.
There is a stone staircase leading up here.
Unknown command.
You now have 276 gold pieces (gained 5).
p - 9 potions of curing (gained 1)
Found 3 stones.
You see here 3 stones.
Found a stone staircase leading up.
Found a whip.
A two-headed ogre and a sky beast come into view.
The two-headed ogre shouts in stereo!
The two-headed ogre moves out of view.
A sky beast is nearby!
Found a dagger.
The two-headed ogre hits you with a +0 giant club!!
The two-headed ogre closely misses you.
You hit the two-headed ogre. You burn the two-headed ogre.
The two-headed ogre is lightly wounded.
You barely miss the two-headed ogre.
Your headbutt misses the two-headed ogre.
The two-headed ogre is lightly wounded.
You hit the sky beast but do no damage.
The two-headed ogre hits you with a +0 giant club!
The two-headed ogre barely misses you.
The sky beast hits you but does no damage.
You are too injured to fight recklessly!
The two-headed ogre attacks as you move away!
The two-headed ogre misses you. The two-headed ogre barely misses you.
The two-headed ogre attacks as you move away!
The two-headed ogre barely misses you. x2
The sky beast flickers out of sight!
Deactivating autopickup; reactivate with Ctrl-A.
A sky beast appears from thin air!
Reactivating autopickup.
The sky beast flickers out of sight!
Deactivating autopickup; reactivate with Ctrl-A.
A sky beast appears from thin air!
Reactivating autopickup.
The sky beast flickers out of sight!
Deactivating autopickup; reactivate with Ctrl-A.
Found 14 gold pieces.
A sky beast appears from thin air!
Reactivating autopickup.
There is a stone staircase leading up here.
The sky beast flickers out of sight!
Deactivating autopickup; reactivate with Ctrl-A.
You climb upwards.
Reactivating autopickup.
There is a stone staircase leading down here.
There is a stone staircase leading down here.
You climb downwards.
There is a stone staircase leading up here.
HP restored.
A sky beast is nearby!
A sky beast is nearby!
There is a stone staircase leading up here.
You closely miss the sky beast. Your headbutt misses the sky beast.
The sky beast hits you. The sky beast shocks you.
You closely miss the sky beast. Your headbutt misses the sky beast.
The sky beast flickers out of sight!
Deactivating autopickup; reactivate with Ctrl-A.
Something hits you but does no damage.
No target in view!
You barely miss something. Something hits you. Something shocks you.
Something hits you but does no damage.
You barely miss something. Something hits you. Something shocks you.
You hit something. You burn something. Your headbutt misses something.
Something hits you but does no damage.
You closely miss something. You headbutt something!
Something hits you but does no damage.
You closely miss something. Your punch misses something.
Something hits you but does no damage. Something barely misses you.
You closely miss something. Your headbutt misses something.
Something hits you but does no damage.
You slash something! You burn something.
A sky beast appears from thin air!
Reactivating autopickup.
The sky beast misses you. You furiously retaliate!
You headbutt the sky beast. You barely miss the sky beast.
The sky beast is almost dead.
The sky beast hits you but does no damage. x2
You slash the sky beast! You burn the sky beast.
You kill the sky beast!
Qazlal accepts your kill.
You climb upwards.
There is a stone staircase leading down here.
Magic restored.
HP restored.
Done exploring.
You climb downwards.
There is a stone staircase leading up here.
You see here a sky beast corpse.
Found an escape hatch in the floor.
A kobold comes into view. It is wielding a +0 short sword.
A kobold is nearby!
A kobold and a steam dragon come into view.
The kobold shouts!
The steam dragon hisses angrily.
You hear a shout!
A kobold brigand comes into view.
It is wielding a +0 dagger and quivering poisoned darts.
The kobold brigand shouts!
A kobold comes into view. It is wielding a +0 short sword.
The kobold closely misses you.
A kobold comes into view. It is wielding a +0 club.
You slash the kobold! You burn the kobold.
You kill the kobold!
Qazlal accepts your kill. The steam dragon closely misses you.
You furiously retaliate!
You headbutt the steam dragon. The steam dragon barely misses you.
The kobold hits you but does no damage.
You barely miss the steam dragon.
The steam dragon is lightly wounded.
You closely miss the kobold. The steam dragon breathes steam at you.
The ball of steam misses you. The kobold closely misses you.
You furiously retaliate!
You headbutt the kobold!
You kill the kobold!
Qazlal accepts your kill.
You barely miss the steam dragon.
The steam dragon is lightly wounded.
You miss the kobold brigand.
A bullfrog comes into view.
The kobold brigand closely misses you. The steam dragon barely misses you. x2
The bullfrog croaks.
You hit the steam dragon. You burn the steam dragon.
Your headbutt misses the steam dragon.
The steam dragon is lightly wounded.
You barely miss the kobold brigand. The kobold brigand barely misses you.
The steam dragon closely misses you. The steam dragon barely misses you.
The kobold brigand hits you but does no damage.
The steam dragon bites you but does no damage.
The steam dragon claws you.
The kobold throws a stone.
The stone hits you but does no damage.
You barely miss the steam dragon.
The steam dragon is lightly wounded.
You closely miss the kobold brigand.
The kobold brigand hits you but does no damage.
The steam dragon breathes steam at you. The ball of steam misses you.
The bullfrog hits you but does no damage.
You hit the steam dragon. You burn the steam dragon.
You headbutt the steam dragon.
The steam dragon is moderately wounded.
You slash the kobold! You burn the kobold.
You kill the kobold!
Qazlal accepts your kill.
You hit the bullfrog. You burn the bullfrog.
You hit the kobold brigand but do no damage.
The bullfrog closely misses you.
The steam dragon bites you but does no damage.
The steam dragon closely misses you. The kobold brigand barely misses you.
You furiously retaliate!
You headbutt the kobold brigand.
The kobold throws a stone.
The stone hits you but does no damage.
The bullfrog hits you but does no damage.
You hit the kobold brigand but do no damage.
The kobold brigand is moderately wounded.
You slash the bullfrog! You burn the bullfrog. You hit the steam dragon.
You burn the steam dragon. The kobold brigand barely misses you.
You furiously retaliate!
You headbutt the kobold brigand. The steam dragon breathes steam at you.
The ball of steam hits you. The bullfrog barely misses you.
The kobold throws a stone.
The stone barely misses you. The steam dragon closely misses you.
You furiously retaliate!
You headbutt the steam dragon.
The steam dragon claws you but does no damage.
The kobold brigand hits you with a +0 dagger.
The bullfrog hits you but does no damage.
The kobold throws a stone.
The stone barely misses you.
You hit the steam dragon. You burn the steam dragon.
Your headbutt misses the steam dragon.
The steam dragon is almost dead.
You barely miss the bullfrog. You slash the kobold brigand!
You burn the kobold brigand. The bullfrog closely misses you.
The steam dragon bites you!
The steam dragon claws you but does no damage.
The kobold brigand hits you with a +0 dagger.
The bullfrog closely misses you.
You closely miss the kobold brigand.
The kobold brigand is almost dead.
You barely miss the steam dragon. You closely miss the kobold.
You closely miss the bullfrog. The bullfrog closely misses you.
You furiously retaliate!
You headbutt the bullfrog!
You kill the bullfrog!
Qazlal accepts your kill. The steam dragon misses you.
The steam dragon closely misses you.
The kobold brigand hits you with a +0 dagger.
The kobold barely misses you. You furiously retaliate!
You headbutt the kobold.
You kill the kobold!
Qazlal accepts your kill. The steam dragon breathes steam at you.
The ball of steam misses you. The kobold brigand misses you.
You have reached level 9!
Your experience leads to an increase in your attributes!
Increase (S)trength, (I)ntelligence, or (D)exterity?
You feel stronger. x2
You slash the kobold brigand! You burn the kobold brigand.
You kill the kobold brigand!
Qazlal accepts your kill.
You slash the steam dragon! You burn the steam dragon.
You kill the steam dragon!
Qazlal accepts your kill.
You are now surrounded by a storm.
You see here a steam dragon corpse.
F - 20 poisoned darts (gained 4)
Items here: ))) †.
Magic restored.
HP restored.
Items here: ( )) †.
Found a stone staircase leading down.
You now have 290 gold pieces (gained 14).
There is an escape hatch in the floor here.
r - a viscous sapphire potion
There is a stone staircase leading down here.
A kobold brigand and 2 kobolds come into view.
The kobold brigand is wielding a +0 dagger and quivering poisoned darts.
The kobold brigand shouts!
The kobold shouts!
A kobold comes into view. It is wielding a +0 club.
The kobold moves out of view.
There are monsters nearby!
The kobold shouts!
You hit the kobold. You burn the kobold.
You kill the kobold!
Qazlal accepts your kill.
You miss the kobold brigand.
Your headbutt misses the kobold brigand.
The kobold brigand hits you but does no damage.
The kobold brigand misses you.
You hit the kobold brigand but do no damage.
You hit the kobold. You burn the kobold. The kobold brigand closely misses you.
The kobold misses you.
You slash the kobold! You burn the kobold.
You kill the kobold!
Qazlal accepts your kill.
You hit the kobold brigand but do no damage.
The kobold brigand hits you with a +0 dagger.
You closely miss the kobold brigand. You closely miss the kobold.
You block the kobold brigand's attack. The kobold hits you but does no damage.
The kobold barely misses you. You furiously retaliate!
You headbutt the kobold.
You kill the kobold!
Qazlal accepts your kill. You block the kobold brigand's attack.
You slash the kobold brigand! You burn the kobold brigand.
Your headbutt misses the kobold brigand.
The kobold brigand is moderately wounded.
The kobold brigand hits you but does no damage.
You barely miss the kobold brigand.
The kobold brigand is moderately wounded.
The kobold brigand misses you.
You closely miss the kobold brigand.
The kobold brigand is moderately wounded.
The kobold brigand hits you with a +0 dagger.
The kobold brigand hits you but does no damage.
You barely miss the kobold brigand.
Your headbutt misses the kobold brigand.
The kobold brigand is moderately wounded.
The kobold brigand barely misses you. You furiously retaliate!
You headbutt the kobold brigand. You hit the kobold brigand.
You burn the kobold brigand.
The kobold brigand is severely wounded.
The kobold brigand hits you with a +0 dagger.
You slash the kobold brigand! You burn the kobold brigand.
You kill the kobold brigand!
Qazlal accepts your kill.
No target in view!
No target in view!
No target in view!
No target in view!
No target in view!
No target in view!
No target in view!
No target in view!
F - 28 poisoned darts (gained 8)
You see here a +0 dagger.
You now have 293 gold pieces (gained 3).
A yak comes into view.
A yak is nearby!
Found an escape hatch in the ceiling.
A yak comes into view.
A yak comes into view.
The yak bellows! x2
A yak comes into view.
The yak moves out of view.
The yak bellows!
You hit the yak. You burn the yak. You headbutt the yak, but do no damage.
The yak is lightly wounded.
The yak gores you but does no damage.
You barely miss the yak.
The yak is lightly wounded.
You slash the yak! You burn the yak.
The yak is heavily wounded.
The yak gores you but does no damage. The yak barely misses you.
The yak gores you but does no damage.
You slash the yak! You burn the yak.
The yak is almost dead.
You closely miss the yak. The yak barely misses you.
You block the yak's attack.
You hit the yak. You burn the yak.
You kill the yak!
Qazlal accepts your kill.
You hit the yak. You burn the yak. The yak gores you.
Your Axes skill increases to level 6!
You hit the yak but do no damage.
The yak is lightly wounded.
The yak misses you.
You hit the yak. You burn the yak.
The yak is moderately wounded.
You slash the yak! You burn the yak.
The yak is severely wounded.
The yak gores you but does no damage.
You closely miss the yak. You headbutt the yak!
The yak is almost dead.
You hit the yak. You burn the yak. The yak barely misses you.
You furiously retaliate!
You headbutt the yak. The yak gores you but does no damage.
You closely miss the yak.
The yak is almost dead.
You completely miss the yak. The yak gores you but does no damage.
The yak closely misses you. The yak gores you! The yak barely misses you.
You slash the yak! You burn the yak.
You kill the yak!
Qazlal accepts your kill.
You hit the yak but do no damage. The yak barely misses you.
You hit the yak. You burn the yak.
The yak is moderately wounded.
The yak completely misses you.
You barely miss the yak. You headbutt the yak!
The yak is heavily wounded.
The yak gores you.
You hit the yak. You burn the yak. Your headbutt misses the yak.
The yak is severely wounded.
The yak completely misses you. The yak misses you. You furiously retaliate!
You headbutt the yak. You slash the yak! You burn the yak.
You kill the yak!
Qazlal accepts your kill.
Your Throwing skill increases to level 4!
Your Invocations skill increases to level 4!
You slash the yak! You burn the yak. Your headbutt misses the yak.
The yak is heavily wounded.
The yak barely misses you. You furiously retaliate!
You headbutt the yak! You hit the yak. You burn the yak.
The yak is almost dead.
The yak gores you but does no damage. You block the yak's attack.
You hit the yak. You burn the yak.
You kill the yak!
Qazlal accepts your kill.
Your Fighting skill increases to level 7!
No target in view!
You see here a yak corpse.
Found a stone staircase leading down.
Found a trident.
There is an escape hatch in the ceiling here.
You see here a yak corpse.
Found a stone staircase leading up.
Found a stone staircase leading down.
You now have 309 gold pieces (gained 16). 2 kobolds come into view.
Found a murky golden potion.
The kobold shouts! x2
The kobold throws a stone.
The stone misses you.
There are monsters nearby!
There are monsters nearby!
There are monsters nearby!
A kobold comes into view. It is wielding a +0 dagger.
The kobold shouts!
You hear a shout!
A kobold brigand comes into view.
It is wielding a +0 short sword and quivering poisoned darts.
A kobold comes into view. It is wielding a +0 dagger.
The kobold shouts!
The kobold closely misses you.
You slash the kobold! You burn the kobold.
You kill the kobold!
Qazlal accepts your kill.
You completely miss the kobold. You barely miss the kobold.
Your headbutt misses the kobold. You slash the kobold! You burn the kobold.
You kill the kobold!
Qazlal accepts your kill. The kobold closely misses you.
You closely miss the kobold brigand. You hit the kobold. You burn the kobold.
You kill the kobold!
Qazlal accepts your kill.
The kobold brigand hits you but does no damage.
The kobold brigand misses you.
You barely miss the kobold brigand.
Your headbutt misses the kobold brigand.
The kobold throws a stone.
The stone closely misses you.
The kobold brigand hits you with a +0 short sword.
You closely miss the kobold brigand.
The kobold throws a stone.
The stone barely misses you. The kobold brigand misses you.
You closely miss the kobold brigand.
Your headbutt misses the kobold brigand.
The kobold throws a stone.
The stone misses you.
The kobold brigand hits you but does no damage.
You barely miss the kobold brigand.
The kobold throws a stone.
The stone closely misses you. You block the kobold brigand's attack.
The kobold throws a stone.
The stone closely misses you.
The kobold brigand hits you but does no damage.
You slash the kobold brigand! You burn the kobold brigand.
You headbutt the kobold brigand, but do no damage.
The kobold brigand is heavily wounded.
The kobold brigand hits you but does no damage.
You slash the kobold brigand! You burn the kobold brigand.
You headbutt the kobold brigand, but do no damage.
The kobold brigand is almost dead.
You miss the kobold. The kobold hits you but does no damage.
The kobold brigand misses you. You furiously retaliate!
You headbutt the kobold brigand. You completely miss the kobold brigand.
Your headbutt misses the kobold brigand.
The kobold brigand is almost dead.
You hit the kobold. You burn the kobold.
The kobold hits you but does no damage.
The kobold brigand hits you but does no damage.
You hit the kobold brigand but do no damage.
The kobold brigand is almost dead.
You closely miss the kobold. The kobold barely misses you.
The kobold brigand hits you with a +0 short sword.
The kobold misses you.
The kobold brigand hits you with a +0 short sword.
There are monsters nearby!
You hit the kobold brigand. You burn the kobold brigand.
You kill the kobold brigand!
Qazlal accepts your kill.
You closely miss the kobold. The kobold barely misses you.
You furiously retaliate!
You headbutt the kobold.
You kill the kobold!
Qazlal accepts your kill.
No target in view!
No target in view!
F - 32 poisoned darts (gained 4);
t - a murky golden potion
Things that are here:
a +0 short sword; a kobold corpse
D - a scroll labelled OVELYCWYUL
n - 4 inky potions (gained 1)
p - 10 potions of curing (gained 1)
i - 4 scrolls of blinking (gained 1)
You see here a +0 hand axe.
There is a stone staircase leading down here.
Key pressed, stopping explore.
An orc comes into view. It is wielding a +2 vorpal hand axe.
Found a black potion and a curved fluorescent wand.
The orc shouts!
An orc is nearby!
The orc hits you with a +2 vorpal hand axe.
You see here a black potion.
You barely miss the orc.
The orc hits you with a +2 vorpal hand axe.
You slice the orc!! You burn the orc.
You kill the orc!
Qazlal accepts your kill.
No target in view!
No target in view!
f - 3 black potions (gained 1)
Things that are here:
a +2 vorpal hand axe; an orc corpse
J - a wand of roots (11) Done exploring.
Done exploring.
Done exploring.
(D) Dungeon (T) Temple
Where to? (Enter - D:7 @ (x,y), ? - help)
There is a stone staircase leading down here.
You climb downwards.
Found a scroll labelled CUREGH BICEWA.
There is a stone staircase leading up here.
s - 2 scrolls labelled CUREGH BICEWA (gained 1)
You open the door.
A yak comes into view.
The yak bellows!
There is an open door here.
A yak is nearby!
A yak is nearby!
A shadow comes into view.
Something stings the fungus!
The fungus begins to die.
The shadow slips into darkness.
The shadow flickers and vanishes!
Deactivating autopickup; reactivate with Ctrl-A.
The yak gores you.
You barely miss the yak. You headbutt the yak.
The yak is lightly wounded.
You slash the fungus!
The fungus begins to die.
You burn the fungus. You slash the fungus!
The fungus begins to die.
You burn the fungus.
A nearby fungus withers and dies.
A nearby plant withers and dies.
The yak gores you!
You slash the yak! You burn the yak. Your headbutt misses the yak.
The yak is moderately wounded.
You hit the fungus. You burn the fungus. You hit the fungus.
You burn the fungus.
A scorpion comes into view.
The yak is struck by lightning.
The yak closely misses you. You furiously retaliate!
You headbutt the yak.
The shadow strikes at you from the darkness!
You slash the yak! You burn the yak.
The yak is almost dead.
You hit the fungus. You burn the fungus. You miss something.
You slash the fungus! You burn the fungus.
A bullfrog comes into view.
The yak misses you.
The shadow strikes at you from the darkness!
Reactivating autopickup.
You barely miss the yak.
The yak is almost dead.
The bullfrog croaks.
You hit the fungus but do no damage. You closely miss the shadow.
You slash the fungus! You burn the fungus.
A nearby fungus withers and dies. x2
The bullfrog releases a deep croak.
The yak is struck by lightning.
You kill the yak!
Qazlal accepts your kill. The shadow hits you!
You closely miss the shadow. Your headbutt misses the shadow.
The shadow hits you.
The scorpion stings the fungus!
The fungus begins to die.
The shadow barely misses you. You furiously retaliate!
You headbutt the shadow! You closely miss the shadow.
The shadow is moderately damaged.
The scorpion stings the fungus.
The shadow closely misses you. You furiously retaliate!
You headbutt the shadow! You hit the shadow. You burn the shadow.
You destroy the shadow!
Qazlal accepts your kill.
You closely miss the bullfrog.
The scorpion stings the fungus.
The bullfrog hits you.
The scorpion stings the plant!
The plant begins to die.
The bullfrog misses you.
Your Armour skill increases to level 7!
You closely miss the bullfrog.
A nearby fungus withers and dies.
The bullfrog completely misses you. You furiously retaliate!
You headbutt the bullfrog.
The bullfrog swells and bulges.
The bullfrog hits you.
You barely miss the bullfrog. Your headbutt misses the bullfrog.
The bullfrog is lightly wounded.
The scorpion stings the plant!
The plant begins to die.
The bullfrog hits you.
The scorpion stings the plant!
You slash the bullfrog! You burn the bullfrog.
The bullfrog is heavily wounded.
The bullfrog hits you but does no damage.
The bullfrog completely misses you.
You slice the bullfrog!! You burn the bullfrog.
You kill the bullfrog!
Qazlal accepts your kill.
A nearby plant withers and dies.
You hit the scorpion. You burn the scorpion.
The scorpion is moderately wounded.
A nearby plant withers and dies.
The scorpion barely misses you. You furiously retaliate!
You headbutt the scorpion. You hit the scorpion. You burn the scorpion.
The scorpion is severely wounded.
The scorpion closely misses you. The scorpion barely misses you.
You hit the scorpion but do no damage.
The scorpion is severely wounded.
The scorpion completely misses you.
You hit the scorpion but do no damage. Your headbutt misses the scorpion.
The scorpion is severely wounded.
The scorpion barely misses you. You furiously retaliate!
You headbutt the scorpion. The scorpion barely misses you.
You hit the scorpion but do no damage. Your headbutt misses the scorpion.
The scorpion is almost dead.
The scorpion barely misses you.
The scorpion stings you but does no damage.
You hit the scorpion but do no damage.
You headbutt the scorpion, but do no damage.
The scorpion is severely wounded.
The scorpion stings you but does no damage.
You hit the scorpion but do no damage. You headbutt the scorpion.
You kill the scorpion!
Qazlal accepts your kill.
Your Dodging skill increases to level 7!
No target in view!
Okay, then.
Unknown command.
Unknown command.
Unknown command.
Unknown command.
Unknown command.
Unknown command.
A komodo dragon comes into view.
A komodo dragon is nearby!
A komodo dragon is nearby!
A komodo dragon is nearby!
There is an open door here.
There is a stone staircase leading up here.
Throw: 32 darts (poison)
Press: ? - help, Q - select action, (/) - cycle Shift-Dir - straight line, f - komodo dragon
Aim: a komodo dragon (69% to hit)
You throw a poisoned dart.
The poisoned dart hits the komodo dragon!
The komodo dragon is poisoned.
Throw: 31 darts (poison)
Press: ? - help, Q - select action, (/) - cycle Shift-Dir - straight line, f/p - komodo dragon
Aim: a komodo dragon (lightly wounded, very poisoned, 69% to hit)
You throw a poisoned dart.
The poisoned dart hits the komodo dragon.
The komodo dragon looks even sicker.
The komodo dragon is lightly wounded.
Throw: 30 darts (poison)
Press: ? - help, Q - select action, (/) - cycle Shift-Dir - straight line, f/p - komodo dragon
Aim: a komodo dragon (lightly wounded, very poisoned, 69% to hit)
You throw a poisoned dart.
The poisoned dart closely misses the komodo dragon.
Throw: 29 darts (poison)
Press: ? - help, Q - select action, (/) - cycle Shift-Dir - straight line, f/p - komodo dragon
Aim: a komodo dragon (lightly wounded, very poisoned, 69% to hit)
You throw a poisoned dart.
The poisoned dart barely misses the komodo dragon.
You closely miss the komodo dragon.
You headbutt the komodo dragon, but do no damage.
The komodo dragon is lightly wounded.
The komodo dragon bites you but does no damage.
You hit the komodo dragon. You burn the komodo dragon.
The komodo dragon is moderately wounded.
The komodo dragon barely misses you. The komodo dragon bites you.
You barely miss the komodo dragon. Your headbutt misses the komodo dragon.
The komodo dragon is moderately wounded.
The komodo dragon barely misses you.
You closely miss the komodo dragon. Your headbutt misses the komodo dragon.
The komodo dragon is moderately wounded.
You block the komodo dragon's attack.
You hit the komodo dragon. You burn the komodo dragon.
You headbutt the komodo dragon!
The komodo dragon is heavily wounded.
The komodo dragon closely misses you. You furiously retaliate!
You headbutt the komodo dragon.
You hit the komodo dragon but do no damage.
The komodo dragon is severely wounded.
The komodo dragon completely misses you.
The komodo dragon barely misses you. You furiously retaliate!
You headbutt the komodo dragon.
You hit the komodo dragon but do no damage.
You headbutt the komodo dragon.
The komodo dragon is almost dead.
The komodo dragon hisses menacingly.
The komodo dragon closely misses you.
You hit the komodo dragon. You burn the komodo dragon.
The komodo dragon is almost dead.
The komodo dragon barely misses you.
You barely miss the komodo dragon. Your headbutt misses the komodo dragon.
The komodo dragon is almost dead.
You kill the komodo dragon!
Qazlal accepts your kill.
Your Axes skill increases to level 7!
HP restored.
F - 29 poisoned darts (gained 1)
F - 31 poisoned darts (gained 2)
A yak comes into view.
Found a stone staircase leading down.
The yak bellows!
You hear a bellow!
A yak is nearby!
A yak is nearby!
A yak is nearby!
A yak comes into view.
A yak comes into view.
The yak bellows!
You hear a bellow!
A yak comes into view.
You block the yak's attack.
You slash the yak! You burn the yak.
The yak is heavily wounded.
The yak barely misses you.
You slash the yak! You burn the yak.
The yak is severely wounded.
The yak barely misses you.
You slash the yak! You burn the yak.
You kill the yak!
Qazlal accepts your kill.
You slice the yak!! You burn the yak! You headbutt the yak.
You kill the yak!
Qazlal accepts your kill.
You slash the yak! You burn the yak. Your headbutt misses the yak.
The yak is heavily wounded.
You hit the yak but do no damage. Your headbutt misses the yak.
The yak is heavily wounded.
You block the yak's attack.
You slash the yak! You burn the yak.
The yak is severely wounded.
You hit the yak. You burn the yak. The yak misses you. You furiously retaliate!
You headbutt the yak! The yak closely misses you.
You slash the yak! You burn the yak.
You kill the yak!
Qazlal accepts your kill.
You hit the yak. You burn the yak. You block the yak's attack.
The yak gores you.
You have reached level 10!
You completely miss the yak. You headbutt the yak.
The yak is severely wounded.
The yak gores you.
You slice the yak!! You burn the yak.
You kill the yak!
Qazlal accepts your kill.
No target in view!
No target in view!
Magic restored.
You see here a yak corpse.
As you open the door, it creaks loudly!
Found 6 stones.
There is an open door here.
Found a ring mail.
Found a stone staircase leading down.
A steam dragon comes into view.
The steam dragon hisses angrily.
A steam dragon is nearby!
The steam dragon breathes steam at you. The ball of steam hits you!
No target in view!
No target in view!
No target in view!
Unknown command.
You slash the steam dragon! You burn the steam dragon.
The steam dragon is heavily wounded.
The steam dragon misses you. The steam dragon barely misses you.
You hit the steam dragon but do no damage.
Your headbutt misses the steam dragon.
The steam dragon is heavily wounded.
The steam dragon bites you but does no damage.
The steam dragon misses you. The steam dragon breathes steam at you.
The ball of steam misses you.
You hit the steam dragon. You burn the steam dragon.
You headbutt the steam dragon.
The steam dragon is severely wounded.
The steam dragon bites you! The steam dragon completely misses you.
The steam dragon bites you but does no damage.
The steam dragon claws you.
You closely miss the steam dragon.
The steam dragon is severely wounded.
The steam dragon barely misses you. The steam dragon misses you.
You slash the steam dragon! You burn the steam dragon.
You kill the steam dragon!
Qazlal accepts your kill.
The steam dragon scales are intact enough to wear.
Your Invocations skill increases to level 5!
Things that are here:
+0 steam dragon scales; a steam dragon corpse
K - a bubbling emerald potion You see here a +0 ring mail.
You now have 316 gold pieces (gained 7).
A two-headed ogre comes into view.
It is wielding a +0 giant spiked club and a +0 giant club.
The two-headed ogre shouts in stereo!
A two-headed ogre is nearby!
A two-headed ogre is nearby!
You throw a poisoned dart.
The poisoned dart hits the two-headed ogre!
The two-headed ogre is poisoned.
You throw a poisoned dart.
The poisoned dart barely misses the two-headed ogre.
You throw a poisoned dart.
The poisoned dart hits the two-headed ogre!
The two-headed ogre looks as sick as possible!
You swing at nothing.
The two-headed ogre hits you with a +0 giant spiked club!
The two-headed ogre hits you with a +0 giant club!
You hit the two-headed ogre but do no damage.
The two-headed ogre is lightly wounded.
You hit the two-headed ogre. You burn the two-headed ogre.
You headbutt the two-headed ogre!
The two-headed ogre is moderately wounded.
The two-headed ogre barely misses you.
The two-headed ogre hits you with a +0 giant club!!
The two-headed ogre attacks as you move away!
The two-headed ogre hits you with a +0 giant spiked club!
* * * LOW HITPOINT WARNING * * *
The two-headed ogre completely misses you.
Found a golden potion.
The two-headed ogre attacks as you move away!
The two-headed ogre closely misses you. You furiously retaliate!
You headbutt the two-headed ogre! The two-headed ogre misses you.
A wight comes into view. It is wielding a +3 hand axe.
A wight comes into view. It is wielding a +1 long sword.
The wight moves out of view.
The wight closely misses you.
You barely miss the wight. The wight hits you but does no damage.
The two-headed ogre looks more healthy.
The wight misses you. The wight hits you but does no damage.
The two-headed ogre attacks as you move away!
The two-headed ogre completely misses you.
You furiously retaliate!
You headbutt the two-headed ogre!
The two-headed ogre hits you with a +0 giant club.
The wight is struck by lightning.
The wight hits you but does no damage. The wight barely misses you.
The wight is struck by lightning.
You destroy the wight!
Qazlal accepts your kill.
Your Throwing skill increases to level 5!
You closely miss the two-headed ogre.
Your headbutt misses the two-headed ogre.
The two-headed ogre is almost dead.
You slash the wight! You burn the wight. The wight closely misses you.
The two-headed ogre completely misses you.
The two-headed ogre closely misses you. The wight misses you.
You barely miss the two-headed ogre.
The two-headed ogre is almost dead.
You closely miss the wight. The wight hits you but does no damage.
The two-headed ogre hits you with a +0 giant spiked club!!
* * * LOW HITPOINT WARNING * * *
The two-headed ogre hits you with a +0 giant club!
* * * LOW HITPOINT WARNING * * *
The wight attacks as you move away! The wight hits you with a +3 hand axe.
You feel drained.
There is an open door here.
There is a stone staircase leading up, spattered with blood here.
Throw: 28 darts (poison)
Press: ? - help, Q - select action, (/) - cycle Shift-Dir - straight line, f/p - two-headed ogre
Aim: a two-headed ogre, wielding a +0 giant spiked club and a +0 giant club (severely wounded, 76% to hit)
You throw a poisoned dart.
The poisoned dart hits the two-headed ogre!
The two-headed ogre is poisoned.
The two-headed ogre is severely wounded.
Throw: 27 darts (poison)
Press: ? - help, Q - select action, (/) - cycle Shift-Dir - straight line, f/p - two-headed ogre
Aim: a two-headed ogre, wielding a +0 giant spiked club and a +0 giant club (severely wounded, very poisoned, 76% to hit)
You throw a poisoned dart.
The poisoned dart hits the two-headed ogre.
The two-headed ogre looks even sicker.
The two-headed ogre is severely wounded.
You hit the two-headed ogre but do no damage.
The two-headed ogre is severely wounded.
The two-headed ogre closely misses you.
The two-headed ogre hits you with a +0 giant club.
* * * LOW HITPOINT WARNING * * *
You barely miss the two-headed ogre.
The two-headed ogre is almost dead.
You closely miss the wight. The wight hits you with a +3 hand axe.
* * * LOW HITPOINT WARNING * * *
You feel drained.
* * * LOW HITPOINT WARNING * * *
The two-headed ogre barely misses you. The two-headed ogre closely misses you.
Unknown command.
The wight barely misses you. You furiously retaliate!
You headbutt the wight.
You kill the two-headed ogre!
Qazlal accepts your kill.
Your life force feels restored.
The wight barely misses you. You furiously retaliate!
You headbutt the wight, but do no damage.
You slash the wight! You burn the wight.
You destroy the wight!
Qazlal accepts your kill.
Things that are here:
a +3 hand axe; a +0 robe
F - 27 poisoned darts (gained 1)
F - 28 poisoned darts (gained 1)
There is a stone staircase leading up, spattered with blood here.
You start resting.
Magic restored.
You start resting.
HP restored.
You open the door.
There is an open door here.
Found a war axe.
You open the door.
Harold the Weathered comes into view.
He is wielding a +0 short sword.
Harold shouts!
Found a scroll of identify.
Harold is nearby!
Harold throws a throwing net.
The throwing net hits you.
You become entangled in the net!
There is an open door here.
You see here a throwing net.
You are held in a net!
You are held in a net!
You struggle against the net.
You struggle against the net.
Harold hits you but does no damage.
You struggle against the net.
Harold says, "Listen, it's nothing personal.
It's just a job."
Harold points at you and mumbles some strange words.
A sentinel's mark forms upon you.
You struggle against the net.
Harold points at you and mumbles some strange words.
The mark upon you grows brighter.
You rip the net and break free!
Harold points at you and mumbles some strange words.
The mark upon you grows brighter.
You closely miss Harold.
Harold drinks a potion.
Harold seems to grow stronger.
You closely miss Harold. Harold barely misses you.
You hit Harold. You burn Harold. You punch Harold, but do no damage.
Harold is lightly wounded.
Harold casts a spell at you. The mark upon you grows brighter.
You block Harold's attack.
You completely miss Harold. Your headbutt misses Harold.
Harold is lightly wounded.
Harold says, "Do you have any idea what people are willing to pay to have you killed, sleeves?"
Harold points at you and mumbles some strange words.
You barely resist. You hit Harold but do no damage.
You headbutt Harold, but do no damage.
Harold is lightly wounded.
Harold hits you but does no damage.
You hit Harold but do no damage. Your headbutt misses Harold.
Harold is lightly wounded.
Harold barely misses you.
You barely miss Harold.
Harold is lightly wounded.
Harold hits you with a +0 short sword. Harold hits you with a +0 short sword!!
You closely miss Harold. You headbutt Harold, but do no damage.
Harold is lightly wounded.
Harold points at you and mumbles some strange words.
The mark upon you grows brighter.
You hit Harold but do no damage.
Harold is lightly wounded.
Harold hits you but does no damage.
You hit Harold but do no damage.
Harold is lightly wounded.
Harold hits you with a +0 short sword!!
You slash Harold! You burn Harold.
Harold is moderately wounded.
Harold is engulfed in blazing flames.
Harold hits you with a +0 short sword!
* * * LOW HITPOINT WARNING * * *
Harold is engulfed in blazing flames.
Harold hits you but does no damage.
Okay, then.
Aiming: Corrosive Bolt
Press: ? - help, Shift-Dir - straight line, f - Harold
Aim: Harold, wielding a +0 short sword and wearing a +0 chain mail (flame, heavily wounded, strong, 86% to hit)
The bolt of acid hits Harold.
The acid corrodes Harold!
Harold is heavily wounded.
Harold is engulfed in blazing flames.
Harold hits you with a +0 short sword!!
* * * LOW MAGIC WARNING * * *;
* * * LOW HITPOINT WARNING * * *
You feel very mighty all of a sudden.
Harold is engulfed in blazing flames.
Harold hits you with a +0 short sword!!
* * * LOW MAGIC WARNING * * *
You die...

#.# ... ....... +#.# ....
#######....... ...# ...
#.....#.....#
...#####.#####.....#.....#
.........#.........#.....#
.........#.........#.....#
.........#.......☼)#?....#
....<....#......@@.'.....#
......####.........#.....#
..)...'............#.....#
).....#............#.....#
......#............#.......
......#..........#+#.......
....###..........# .......
....# ...........# #......
....+.............


You could see Harold (strong, corroded).

Vanquished Creatures
  A two-headed ogre (D:9)
  Maggie (D:6)
  A komodo dragon (D:9)
  A troll (D:6)
  A shadow (D:9)
  9 yaks
  2 steam dragons
  A water moccasin (D:5)
  A sky beast (D:8)
  Pargi (Sewer)
  A black bear (D:7)
  An ogre (D:6)
  A centaur (D:7)
  3 kobold brigands (D:8)
  A gnoll sergeant (D:5)
  2 necrophages
  2 bullfrogs
  An elf zombie (Ossuary)
  2 scorpions
  2 wights (D:9)
  3 howler monkeys (D:7)
  A centaur zombie (Ossuary)
  3 hounds
  A jelly (D:5)
  3 iguanas
  2 mummies (Ossuary)
  5 gnolls
  5 adders
  A shadow imp (D:6)
  A white imp (D:5)
  A worm (D:3)
  A dart slug (D:1)
  5 orcs
  4 bats
  6 endoplasms
  3 giant cockroaches
  2 goblins (D:3)
  8 hobgoblins
  3 quokkas
  4 ball pythons
  3 frilled lizards (D:3)
  2 goblin zombies (Ossuary)
  8 hobgoblin zombies (Ossuary)
  3 jackal zombies (Ossuary)
  24 kobolds
  9 kobold zombies (Ossuary)
  9 orc zombies (Ossuary)
  10 rats
  4 rat zombies (Ossuary)
169 creatures vanquished.

Vanquished Creatures (others)
  11 fungi (D:9)
  12 plants
23 creatures vanquished.

Grand Total: 192 creatures vanquished

Notes
Turn   | Place    | Note
-------+----------+-------------------------------------------
     0 | D:1      | sleeves the Minotaur Hexslinger began the quest for the
                  | Orb.
     0 | D:1      | Reached XP level 1. HP: 16/16 MP: 1/1
   161 | D:1      | Reached skill level 1 in Armour
   161 | D:1      | Reached XP level 2. HP: 21/24 MP: 2/2
   373 | D:1      | Reached skill level 2 in Fighting
   390 | D:1      | Found a faded altar of an unknown god.
   751 | D:2      | HP: 12/24 [poisoned by an adder]
   754 | D:2      | Reached skill level 3 in Dodging
   754 | D:2      | Reached XP level 3. HP: 16/30 MP: 1/3
   846 | D:2      | Reached skill level 2 in Armour
  1446 | D:3      | Found Fuetoseu's Jewellery Boutique.
  1533 | D:3      | Reached XP level 4. HP: 37/37 MP: 4/4
  1741 | D:3      | Found a glowing drain.
  1749 | Sewer    | Entered a sewer
  1769 | Sewer    | Reached skill level 1 in Axes
  1800 | Sewer    | Noticed Pargi
  1807 | Sewer    | Killed Pargi
  1808 | Sewer    | Reached skill level 3 in Fighting
  1808 | Sewer    | Reached skill level 2 in Axes
  1808 | Sewer    | Reached skill level 3 in Armour
  1808 | Sewer    | Reached XP level 5. HP: 35/45 MP: 5/5
  2469 | D:4      | Reached skill level 4 in Dodging
  2469 | D:4      | Reached XP level 6. HP: 25/52 MP: 6/6
  2601 | D:4      | Reached skill level 4 in Fighting
  2677 | D:4      | Found a sand-covered staircase.
  2683 | Ossuary  | Entered an ossuary
  2873 | Ossuary  | Reached skill level 3 in Axes
  2898 | Ossuary  | Reached skill level 4 in Armour
  3080 | D:4      | Found a staircase to the Ecumenical Temple.
  3158 | Temple   | Entered the Ecumenical Temple
  3340 | Temple   | Became a worshipper of Qazlal Stormbringer
  3379 | D:4      | Found Xipepa's Armour Shoppe.
  3611 | D:5      | Entered Level 5 of the Dungeon
  3611 | D:5      | Noticed a water moccasin
  3642 | D:5      | Killed a water moccasin
  3643 | D:5      | Reached XP level 7. HP: 42/60 MP: 7/7
  3810 | D:5      | Reached skill level 1 in Throwing
  3810 | D:5      | Reached skill level 1 in Invocations
  4026 | D:5      | HP: 30/60 [ogre/+0 giant spiked club (30)]
  4181 | D:5      | Reached skill level 4 in Axes
  4187 | D:5      | Reached skill level 5 in Dodging
  4188 | D:5      | HP: 29/60 [gnoll sergeant/+0 spear (4)]
  4598 | D:5      | HP: 30/60 [gnoll sergeant/+0 spear (5)]
  4605 | D:5      | HP: 23/60 [gnoll sergeant/+0 spear (5)]
  4738 | D:5      | Reached skill level 5 in Fighting
  5287 | D:6      | Found a snail-covered altar of Cheibriados.
  5475 | D:6      | Noticed Maggie
  5510 | D:6      | HP: 30/61 [Maggie/bolt of fire (18)]
  5513 | D:6      | HP: 14/61 [Maggie/bolt of fire (10)]
  5514 | D:6      | Killed Maggie
  5515 | D:6      | Reached skill level 2 in Throwing
  5515 | D:6      | Reached skill level 5 in Armour
  5515 | D:6      | Reached skill level 2 in Invocations
  5515 | D:6      | Reached XP level 8. HP: 16/69 MP: 6/8
  5919 | D:6      | Found a shimmering altar of Xom.
  6038 | D:6      | Found a sparkling altar of Nemelex Xobeh.
  6157 | D:7      | Noticed a troll
  6267 | D:6      | Killed a troll
  6268 | D:6      | Reached skill level 6 in Fighting
  6268 | D:6      | Reached skill level 5 in Axes
  6268 | D:6      | Reached skill level 3 in Throwing
  6268 | D:6      | Reached skill level 3 in Invocations
  6436 | D:7      | Found Syacev's Distillery.
  6524 | D:7      | Reached skill level 6 in Armour
  6524 | D:7      | Reached skill level 6 in Dodging
  6715 | D:7      | Found a sacrificial altar of Ru.
  6850 | D:8      | Noticed a two-headed ogre
  7041 | D:8      | Reached XP level 9. HP: 52/78 MP: 4/10
  7041 | D:8      | Reached * piety under Qazlal
  7249 | D:8      | Reached skill level 6 in Axes
  7259 | D:8      | Reached skill level 4 in Throwing
  7259 | D:8      | Reached skill level 4 in Invocations
  7262 | D:8      | Reached skill level 7 in Fighting
  7597 | D:9      | Reached skill level 7 in Armour
  7608 | D:9      | Reached skill level 7 in Dodging
  7618 | D:9      | Noticed a komodo dragon
  7642 | D:9      | Killed a komodo dragon
  7643 | D:9      | Reached skill level 7 in Axes
  7705 | D:9      | Reached XP level 10. HP: 83/86 MP: 10/12
  7777 | D:9      | Reached skill level 5 in Invocations
  7861 | D:9      | Noticed a two-headed ogre
  7876 | D:9      | HP: 42/88 [two-headed ogre/+0 giant spiked club (7)]
  7900 | D:9      | Reached skill level 5 in Throwing
  7901 | D:9      | HP: 29/88 [two-headed ogre/+0 giant spiked club (18)]
  7919 | D:9      | HP: 27/87 [two-headed ogre/+0 giant spiked club (1)]
  7927 | D:9      | Killed a two-headed ogre
  8134 | D:9      | Noticed Harold
  8154 | D:9      | HP: 37/88 [Harold/+0 short sword (10)]
  8155 | D:9      | HP: 17/88 [Harold/+0 short sword (20)]
  8156 | D:9      | Slain by Harold

Illustrated notes

Levels and vault maps discovered:
D:1:      minmay_arrival_checkered_box, layout_basic,
          shapermc_ecumenical_altar_rom_forum, grunt_decor_arrowhead
D:2:      layout_basic
D:3:      layout_basic, serial_shops, nicolae_shop_behind_doors,
          portal_sewer_entry_b, nicolae_figureground_sparkle
D:4:      layout_cave_pools, minmay_temple_entry_fiery, serial_shops, shop,
          nicolae_ossuary_entry_plus
D:5:      layout_loops_ring
D:6:      layout_basic, nemelex_dance_club_becter,
          mainiacjoe_overflow_surrounded_room, general_overflow_altar,
          grunt_decor_junction, uniq_maggie
D:7:      layout_rooms, mainiacjoe_overflow_alcove_4, serial_shops, shop
D:8:      layout_rooms
D:9:      layout_irregular_city, grunt_lair_entry_orc_guard_hut, uniq_harold
Temple:   nicolae_temple_bog_church

Skill      XL: |  1  2  3  4  5  6  7  8  9 10 |
---------------+-------------------------------+-----
Armour         | 1 2 3 4 5 6 7 |  7.7
Fighting       | 2 3 4 5 6 7 |  7.9
Dodging        | 3 4 5 6 7 |  7.6
Axes           | 2 3 4 5 7 |  7.6
Throwing       | 2 3 4 5 |  5.2
Invocations    | 2 3 4 5 |  5.2
Ranged Weapons | |  2.1
Spellcasting   | |  1.0
Hexes          | |  2.0

Action                   |  1- 3 |  4- 6 |  7- 9 | 10-12 || total
-------------------------+-------+-------+-------+-------++-------
Melee: Short sword       |    81 |       |       |       ||    81
       Headbutt          |    14 |    38 |    43 |     5 ||   100
       Hand axe          |    17 |   193 |    99 |       ||   309
       Punch             |     1 |     1 |     1 |     1 ||     4
       Broad axe         |       |       |   127 |    26 ||   153
 Fire: Sling             |    20 |       |       |       ||    20
Throw: Dart              |       |       |     8 |     5 ||    13
       Boomerang         |       |       |     3 |       ||     3
 Cast: Slow              |     4 |       |       |       ||     4
Evoke: Wand              |       |       |       |     1 ||     1
  Use: Scroll            |       |       |     5 |       ||     5
       Potion            |       |       |       |     1 ||     1
Armor: Robe              |    11 |       |       |       ||    11
       Plate armour      |    34 |    91 |   102 |    10 ||   237
       Chain mail        |       |       |     8 |       ||     8
Dodge: Dodged            |    47 |    99 |   228 |    26 ||   400
Block: Other             |       |       |    10 |     1 ||    11

Table legend: (Time is in decaauts)
 A = Elapsed time spent in this place.
 B = Non-inter-level travel time spent in this place.
 C = Inter-level travel time spent in this place.
 D = Time resting spent in this place.
 E = Time spent auto-exploring this place.
 F = Levels seen in this place.
 G = Mean time per level.
                   A        B        C        D        E       F      G
               +--------+--------+--------+--------+--------+-----+--------+
         Total |   8266 |   7960 |    306 |    875 |   5334 |  12 |  688.8 |
       Dungeon |   7625 |   7344 |    281 |    875 |   4956 |   9 |  847.2 |
        Temple |    197 |    173 |     24 |      0 |    156 |   1 |  197.0 |
         Sewer |    172 |    172 |      0 |      0 |    132 |   1 |  172.0 |
       Ossuary |    272 |    272 |      0 |      0 |     90 |   1 |  272.0 |
               +--------+--------+--------+--------+--------+-----+--------+

Top non-repeatable levels by time:
     D:4: 1293 daAuts
     D:5: 1043 daAuts
     D:6: 1041 daAuts
     D:3: 893 daAuts
     D:8: 761 daAuts
     D:2: 743 daAuts
     D:1: 668 daAuts
     D:9: 593 daAuts
     D:7: 585 daAuts
 Ossuary: 272 daAuts
  Temple: 197 daAuts
   Sewer: 172 daAuts
